WCHLSIM.com - West Coast Hockey League
html PUBLIC "-//W3C//DTD XHTML 1.0 Transitional//EN" "http://www.w3.org/TR/xhtml1/DTD/xhtml1-transitional.dtd"> WCHL - Game 321 - LONG BEACH BARACUDAS vs REGINA FALCONS

LONG BEACH BARACUDAS vs REGINA FALCONS

Created - 21 novembre 2019 at 17:55

Goals
1 2 3 T
LONG BEACH BARACUDAS 0 2 1 3
REGINA FALCONS 2 0 0 2
Shots
1 2 3 T
LONG BEACH BARACUDAS 14 12 12 38
REGINA FALCONS 10 10 8 28

1st period

1. REGINA FALCONS , David Pastrnak 9 (Boone Jenner 12) at 5:08
2. REGINA FALCONS , David Pastrnak 10 (Filip Hronek 1, Max Pacioretty 10) at 16:29

Penalties :
Sami Vatanen (REG) for Roughing (Minor) at 12:52

2nd period

3. LONG BEACH BARACUDAS , Ben Hutton 2 (Kyle Connor 7, Steven Stamkos 17) at 4:36
4. LONG BEACH BARACUDAS , Kyle Connor 5 (Elias Lindholm 12, Sam Reinhart 14) at 18:53 (PP)

Penalties :
Brady Tkachuk (REG) for Boarding (Minor) at 17:12

3rd period

5. LONG BEACH BARACUDAS , Kyle Palmieri 4 (Sidney Crosby 17, Taylor Hall 14) at 3:15 (PP)

Penalties :
Filip Hronek (REG) for Roughing (Minor) at 1:42, Ron Hainsey (REG) for Cross-checking (Minor) at 11:15, Filip Hronek (REG) for Hooking (Minor) at 18:24

Goalie Stats

Darcy Kuemper (LOB), 26 saves from 28 shots - (0,929), W, 15-3-1, 60:00 minutes
Frederik Andersen (REG), 35 saves from 38 shots - (0,921), L, 6-8-3, 60:00 minutes

Players Stats for LONG BEACH BARACUDAS

Player Name              G  A  P  +/- PIM S  H  SB GA TA FO     MP     PP MP  PK MP  
------------------------------------------------------------------------------------
Alex Pietrangelo         0  0  0   0  0   0  0  2  0  0  0/0    24:22   4:46   0:00 
Ben Hutton               1  0  1   0  0   1  2  2  0  0  0/0    22:34   4:01   0:00 
Brad Richardson          0  0  0  -2  0   2  1  0  0  0  0/0    13:05   0:00   0:00 
Brandon Montour          0  0  0  -1  0   0  2  1  0  0  0/0    16:28   0:00   0:00 
Daniel Carr              0  0  0   0  0   1  0  0  0  0  1/1     7:29   0:31   0:00 
Derick Brassard          0  0  0   0  0   0  0  0  0  0  4/5     5:52   0:00   0:00 
Elias Lindholm           0  1  1   0  0   5  1  1  0  0  1/3    22:22   4:33   0:00 
Jordan Oesterle          0  0  0   0  0   0  0  0  0  0  0/0    15:09   0:00   0:00 
Justin Schultz           0  0  0  -1  0   0  0  0  0  0  0/0    13:04   0:00   0:00 
Kyle Connor              1  1  2   1  0   6  4  0  0  0  0/0    19:00   4:33   0:00 
Kyle Palmieri            1  0  1  -2  0   4  2  0  0  0  1/1    17:19   4:14   0:00 
Luke Kunin               0  0  0   0  0   3  0  0  0  0  0/1     5:52   0:00   0:00 
Nolan Patrick            0  0  0  -2  0   0  0  1  0  0  5/16   13:15   0:10   0:00 
Sam Reinhart             0  1  1   1  0   4  0  0  0  0  0/2    19:13   4:46   0:00 
Sidney Crosby            0  1  1   0  0   5  2  0  0  0  15/28  22:03   4:14   0:00 
Steven Stamkos           0  1  1   1  0   1  1  0  0  0  15/21  19:00   4:33   0:00 
Taylor Hall              0  1  1   0  0   6  1  0  0  0  1/2    20:16   3:33   0:00 
Zachary Werenski         0  0  0   0  0   0  1  3  0  0  0/0    23:37   4:01   0:00 

Players Stats for REGINA FALCONS

Player Name              G  A  P  +/- PIM S  H  SB GA TA FO     MP     PP MP  PK MP  
------------------------------------------------------------------------------------
Blake Comeau             0  0  0   0  0   1  1  0  0  0  0/0     9:53   0:00   3:30 
Boone Jenner             0  1  1   2  0   4  1  0  0  0  10/19  18:44   0:00   0:24 
Brady Tkachuk            0  0  0   0  2   0  1  0  0  0  0/0    16:55   0:00   0:00 
Brandon Saad             0  0  0  -1  0   3  2  1  0  0  0/0    14:51   0:00   5:17 
Brian Gibbons            0  0  0   0  0   0  0  0  0  0  2/14    9:53   0:00   3:30 
David Pastrnak           2  0  2   2  0   6  0  0  0  0  0/1    18:20   0:00   0:00 
Filip Hronek             0  1  1   1  4   0  1  1  0  0  0/0    20:10   0:00   1:46 
Frederick Gaudreau       0  0  0  -1  0   1  0  1  0  0  6/19   14:20   0:00   4:46 
Joel Edmundson           0  0  0  -1  0   1  3  0  0  0  0/0    18:31   0:00   3:59 
Jonathan Miller          0  0  0   0  0   4  0  0  0  0  1/2    17:03   0:00   0:07 
Marc-Edouard Vlasic      0  0  0   1  0   1  0  2  0  0  0/0    23:00   0:00   4:45 
Matt Martin              0  0  0   0  0   1  1  0  0  0  0/0     6:23   0:00   0:00 
Max Pacioretty           0  1  1   2  0   1  1  0  0  0  3/4    18:20   0:00   0:00 
Nazem Kadri              0  0  0   0  0   3  0  0  0  0  15/21  16:56   0:00   0:00 
Ron Hainsey              0  0  0   1  2   0  0  1  0  0  0/0    23:08   0:00   3:48 
Ryan Murray              0  0  0   1  0   2  0  1  0  0  0/0    18:50   0:00   0:24 
Sami Vatanen             0  0  0  -1  2   0  0  1  0  0  0/0    16:17   0:00   2:52 
Valeri Nichushkin        0  0  0  -1  0   0  2  0  0  0  0/0     9:34   0:00   0:00 

3 Stars

1 - David Pastrnak (REG)
2 - Kyle Connor (LOB)
3 - Ben Hutton (LOB)

Power Play

LONG BEACH BARACUDAS - 2 on 5 Attempt(s) - 40,00%
REGINA FALCONS - 0 on 0 Attempt(s) - 0,00%

Penalty Kill

LONG BEACH BARACUDAS - 0 on 0 Attempt(s) - 0,00% - Score 0 goal in Penalty Kill
REGINA FALCONS - 3 on 5 Attempt(s) - 60,00% - Score 0 goal in Penalty Kill

Team Stat

LONG BEACH BARACUDAS - Hits : 17 - Faceoff Wins : 43 - Blocked Shots : 10 - Penalty Minutes : 0
REGINA FALCONS - Hits : 13 - Faceoff Wins : 37 - Blocked Shots : 8 - Penalty Minutes : 10

Official

Referees : Chris Lee and Mike Leggo
Linesman : Kevin Ferguson and Matt Jolliff

Game Notes

Taylor Hall is injured at 15:31 of 3rd period (Sprained Left Knee)

Finance

Level 1 -- Attendance: 5428 (90,47%) -- Ticket Income 749 064 $
Level 2 -- Attendance: 4974 (99,48%) -- Ticket Income 432 738 $
Level 3 -- Attendance: 1991 (99,55%) -- Ticket Income 133 397 $
Level 4 -- Attendance: 3537 (88,43%) -- Ticket Income 155 628 $
Luxury Box -- Attendance: 1000 (100,00%) -- Ticket Income 220 000 $
Game was played at the Larouche Arena.
Total Attendance: 16930 (94,06%)
Total Ticket Income: 1 690 827 $
Other Income: 507 248 $
Total Income: 2 198 075 $

LONG BEACH BARACUDAS

5 vs 5 Forward 
   Center                   Left Wing                Right Wing               Time % Phy DF OF 
 1 Sidney Crosby            Taylor Hall              Elias Lindholm           37     0   1  4  
 2 Steven Stamkos           Kyle Connor              Sam Reinhart             30     0   2  3  
 3 Nolan Patrick            Brad Richardson          Kyle Palmieri            25     0   2  3  
 4 Derick Brassard          Daniel Carr              Luke Kunin               8      0   3  2  

5 vs 5 Defense 
   Defense                  Defense                                           Time % Phy DF OF 
 1 Alex Pietrangelo         Zachary Werenski                                  36     1   2  2  
 2 Jordan Oesterle          Ben Hutton                                        31     1   2  2  
 3 Brandon Montour          Justin Schultz                                    23     1   2  2  
 4 Brandon Montour          Ben Hutton                                        10     1   2  2  

PowerPlay Forward 
   Center                   Left Wing                Right Wing               Time % Phy DF OF 
 1 Sidney Crosby            Taylor Hall              Kyle Palmieri            55     0   2  3  
 2 Steven Stamkos           Kyle Connor              Elias Lindholm           45     0   2  3  

PowerPlay Defense
   Defense                  Defense                                           Time % Phy DF OF 
 1 Sam Reinhart             Alex Pietrangelo                                  55     0   2  3  
 2 Zachary Werenski         Ben Hutton                                        45     0   2  3  

Penalty Kill 4 Players Forward 
   Center                   Wing                     Time % Phy DF OF 
 1 Derick Brassard          Elias Lindholm           55     0   4  1  
 2 Brad Richardson          Kyle Palmieri            45     0   4  1  

Penalty Kill 4 Players Defense
   Defense                  Defense                  Time % Phy DF OF 
 1 Justin Schultz           Jordan Oesterle          55     0   4  1  
 2 Brandon Montour          Ben Hutton               45     0   4  1  

Penalty Kill - 3 Players Forward 
   Forward                                           Time % Phy DF OF 
 1 Daniel Carr                                       55     0   4  1  
 2 Derick Brassard                                   45     0   4  1  

Penalty Kill - 3 Players Defense
   Defense                  Defense                  Time % Phy DF OF 
 1 Ben Hutton               Brandon Montour          55     0   3  1  
 2 Justin Schultz           Jordan Oesterle          45     0   3  1  

4 vs 4 Forward 
   Center                   Wing                     Time % Phy DF OF 
 1 Nolan Patrick            Kyle Palmieri            55     0   2  3  
 2 Derick Brassard          Taylor Hall              45     0   2  3  

4 vs 4 Defense
   Defense                  Defense                  Time % Phy DF OF 
 1 Alex Pietrangelo         Brandon Montour          55     0   2  3  
 2 Jordan Oesterle          Justin Schultz           45     0   2  3  

Last Minutes Offensive
   Center                   Left Wing                Right Wing               Defense                  Defense                  
   Sidney Crosby            Kyle Connor              Elias Lindholm           Alex Pietrangelo         Zachary Werenski         

Last Minutes Defensive
   Center                   Left Wing                Right Wing               Defense                  Defense                  
   Sam Reinhart             Brad Richardson          Elias Lindholm           Alex Pietrangelo         Zachary Werenski         

Goaltenders
Starting : Darcy Kuemper            
Backup : Brian Elliott            

Extra Forwards
Normal : Nolan Patrick, Kyle Palmieri, Brad Richardson - PP : Nolan Patrick, Kyle Palmieri - PK : Brad Richardson
Extra Defensemen
Normal : Jordan Oesterle, Justin Schultz, Brandon Montour - PP : Jordan Oesterle - PK : Justin Schultz, Brandon Montour
Penalty Shots
Sidney Crosby, Steven Stamkos, Elias Lindholm, Taylor Hall, Sam Reinhart
Custom OT Lines Forwards
Sidney Crosby, Steven Stamkos, Elias Lindholm, Kyle Connor, Sam Reinhart, Taylor Hall, Kyle Palmieri, Brad Richardson, Derick Brassard, Nolan Patrick
Custom OT Lines Defensemen
Alex Pietrangelo, Zachary Werenski, Brandon Montour, Ben Hutton, Jordan Oesterle

Scratches
None

REGINA FALCONS

5 vs 5 Forward 
   Center                   Left Wing                Right Wing               Time % Phy DF OF 
 1 Boone Jenner             Max Pacioretty           David Pastrnak           35     1   1  3  
 2 Nazem Kadri              Brady Tkachuk            Jonathan Miller          32     1   1  3  
 3 Frederick Gaudreau       Brandon Saad             Valeri Nichushkin        19     1   2  2  
 4 Brian Gibbons            Matt Martin              Blake Comeau             14     2   2  1  

5 vs 5 Defense 
   Defense                  Defense                                           Time % Phy DF OF 
 1 Marc-Edouard Vlasic      Ron Hainsey                                       38     0   3  2  
 2 Ryan Murray              Filip Hronek                                      35     0   2  3  
 3 Joel Edmundson           Sami Vatanen                                      27     1   3  1  
 4 Joel Edmundson           Ron Hainsey                                       0      1   2  2  

PowerPlay Forward 
   Center                   Left Wing                Right Wing               Time % Phy DF OF 
 1 Nazem Kadri              Brady Tkachuk            David Pastrnak           55     0   0  5  
 2 Boone Jenner             Max Pacioretty           Jonathan Miller          45     0   0  5  

PowerPlay Defense
   Defense                  Defense                                           Time % Phy DF OF 
 1 Filip Hronek             Ryan Murray                                       55     0   1  4  
 2 Marc-Edouard Vlasic      Sami Vatanen                                      45     0   2  3  

Penalty Kill 4 Players Forward 
   Center                   Wing                     Time % Phy DF OF 
 1 Frederick Gaudreau       Brandon Saad             55     0   4  1  
 2 Brian Gibbons            Blake Comeau             45     0   4  1  

Penalty Kill 4 Players Defense
   Defense                  Defense                  Time % Phy DF OF 
 1 Sami Vatanen             Joel Edmundson           55     0   5  0  
 2 Ron Hainsey              Marc-Edouard Vlasic      45     0   5  0  

Penalty Kill - 3 Players Forward 
   Forward                                           Time % Phy DF OF 
 1 Frederick Gaudreau                                55     0   5  0  
 2 Brian Gibbons                                     45     0   5  0  

Penalty Kill - 3 Players Defense
   Defense                  Defense                  Time % Phy DF OF 
 1 Sami Vatanen             Joel Edmundson           55     0   5  0  
 2 Ron Hainsey              Marc-Edouard Vlasic      45     0   5  0  

4 vs 4 Forward 
   Center                   Wing                     Time % Phy DF OF 
 1 Jonathan Miller          David Pastrnak           55     1   1  3  
 2 Nazem Kadri              Brady Tkachuk            45     1   1  3  

4 vs 4 Defense
   Defense                  Defense                  Time % Phy DF OF 
 1 Filip Hronek             Ryan Murray              55     0   2  3  
 2 Marc-Edouard Vlasic      Sami Vatanen             45     0   2  2  

Last Minutes Offensive
   Center                   Left Wing                Right Wing               Defense                  Defense                  
   Jonathan Miller          Brady Tkachuk            David Pastrnak           Marc-Edouard Vlasic      Ryan Murray              

Last Minutes Defensive
   Center                   Left Wing                Right Wing               Defense                  Defense                  
   Nazem Kadri              Brandon Saad             David Pastrnak           Marc-Edouard Vlasic      Ron Hainsey              

Goaltenders
Starting : Frederik Andersen        
Backup : Anton Khudobin           

Extra Forwards
Normal : Brandon Saad, Brady Tkachuk, Jonathan Miller - PP : Max Pacioretty, Jonathan Miller - PK : Boone Jenner
Extra Defensemen
Normal : Joel Edmundson, Sami Vatanen, Ryan Murray - PP : Sami Vatanen - PK : Joel Edmundson, Ron Hainsey
Penalty Shots
David Pastrnak, Brandon Saad, Boone Jenner, Max Pacioretty, Jonathan Miller
Custom OT Lines Forwards
David Pastrnak, Brandon Saad, Boone Jenner, Max Pacioretty, Jonathan Miller, Nazem Kadri, Brady Tkachuk, Blake Comeau, Matt Martin, Valeri Nichushkin
Custom OT Lines Defensemen
Marc-Edouard Vlasic, Ron Hainsey, Ryan Murray, Sami Vatanen, Joel Edmundson

Scratches
Antti Suomela (Broken Right Thumb Injury), Ben Harpur (Healthy)

% Time on Ice - LONG BEACH BARACUDAS

Lines # - Real PCT - Wanted PCT - Time Play
Normal Forward
1 - 35% - 37% - 17:49
2 - 28% - 30% - 14:27
3 - 26% - 25% - 13:05
4 - 11% - 8% - 5:52
Normal Defense
1 - 38% - 36% - 19:36
2 - 30% - 31% - 15:09
3 - 26% - 23% - 13:04
4 - 7% - 10% - 3:24
PP Forward
1 - 48% - 55% - 4:14
2 - 52% - 45% - 4:33
PP Defense
1 - 54% - 55% - 4:46
2 - 46% - 45% - 4:01
PK Forward
1 - 0% - 55%
2 - 0% - 45%
PK Defense
1 - 0% - 55%
2 - 0% - 45%
PK3 Forward
1 - 0% - 55%
2 - 0% - 45%
PK3 Defense
1 - 0% - 55%
2 - 0% - 45%
44 Forward
1 - 0% - 55%
2 - 0% - 45%
44 Defense
1 - 0% - 55%
2 - 0% - 45%
Last Minute Offensive  - 0:00
Last Minute Defensive  - 0:00
Total
Forward - 60:00
Defense - 60:00

% Time on Ice - REGINA FALCONS

Lines # - Real PCT - Wanted PCT - Time Play
Normal Forward
1 - 36% - 35% - 18:20
2 - 33% - 32% - 16:56
3 - 19% - 19% - 9:34
4 - 12% - 14% - 6:23
Normal Defense
1 - 36% - 38% - 18:13
2 - 36% - 35% - 18:26
3 - 26% - 27% - 13:26
4 - 2% - 0% - 1:08
PP Forward
1 - 0% - 55%
2 - 0% - 45%
PP Defense
1 - 0% - 55%
2 - 0% - 45%
PK Forward
1 - 60% - 55% - 5:17
2 - 40% - 45% - 3:30
PK Defense
1 - 51% - 55% - 4:27
2 - 49% - 45% - 4:20
PK3 Forward
1 - 0% - 55%
2 - 0% - 45%
PK3 Defense
1 - 0% - 55%
2 - 0% - 45%
44 Forward
1 - 0% - 55%
2 - 0% - 45%
44 Defense
1 - 0% - 55%
2 - 0% - 45%
Last Minute Offensive  - 0:00
Last Minute Defensive  - 0:00
Total
Forward - 60:00
Defense - 60:00

Play-by-Play

1st period


0:01 of 1st period - Sidney Crosby wins face-off versus Boone Jenner in neutral zone.
0:04 of 1st period - Shot by Sidney Crosby.
0:04 of 1st period - Stopped by Frederik Andersen with a rebound.
0:12 of 1st period - Shot by Sidney Crosby.
0:12 of 1st period - Stopped by Frederik Andersen without a rebound.
0:13 of 1st period - Nazem Kadri wins face-off versus Steven Stamkos in REGINA FALCONS zone.
0:13 of 1st period - Nazem Kadri is hit by Kyle Connor.
0:16 of 1st period - Jonathan Miller is hit by Kyle Connor and loses puck.
0:31 of 1st period - Icing by Ryan Murray.
0:32 of 1st period - Nolan Patrick wins face-off versus Nazem Kadri in REGINA FALCONS zone.
0:33 of 1st period - Shot by Kyle Palmieri.
0:33 of 1st period - Stopped by Frederik Andersen without a rebound.
0:34 of 1st period - Frederick Gaudreau wins face-off versus Nolan Patrick in REGINA FALCONS zone.
1:12 of 1st period - Kyle Palmieri is hit by Joel Edmundson.
1:32 of 1st period - Shot by Sidney Crosby.
1:32 of 1st period - Shot Blocked by Frederick Gaudreau.
1:45 of 1st period - Shot by Elias Lindholm.
1:45 of 1st period - Deflect By Sidney Crosby.
1:45 of 1st period - Stopped by Frederik Andersen without a rebound.
1:46 of 1st period - Steven Stamkos wins face-off versus Boone Jenner in REGINA FALCONS zone.
1:51 of 1st period - Shot by Steven Stamkos.
1:51 of 1st period - Stopped by Frederik Andersen without a rebound.
1:52 of 1st period - Boone Jenner wins face-off versus Luke Kunin in REGINA FALCONS zone.
2:05 of 1st period - Shot by Luke Kunin.
2:05 of 1st period - Stopped by Frederik Andersen without a rebound.
2:06 of 1st period - Nazem Kadri wins face-off versus Sam Reinhart in REGINA FALCONS zone.
2:21 of 1st period - Shot by Nazem Kadri.
2:21 of 1st period - Shot Blocked by Zachary Werenski.
3:10 of 1st period - Shot by Max Pacioretty.
3:10 of 1st period - Deflect By David Pastrnak.
3:10 of 1st period - Shot Misses the Net.
3:18 of 1st period - Marc-Edouard Vlasic is hit by Steven Stamkos and loses puck.
3:43 of 1st period - Shot by Sidney Crosby.
3:43 of 1st period - Deflect By Taylor Hall.
3:43 of 1st period - Stopped by Frederik Andersen without a rebound.
3:44 of 1st period - Daniel Carr wins face-off versus Brian Gibbons in REGINA FALCONS zone.
3:57 of 1st period - Shot by Luke Kunin.
3:57 of 1st period - Stopped by Frederik Andersen without a rebound.
3:58 of 1st period - Nazem Kadri wins face-off versus Sidney Crosby in REGINA FALCONS zone.
4:39 of 1st period - Shot by Nazem Kadri.
4:39 of 1st period - Shot Blocked by Elias Lindholm.
4:56 of 1st period - Shot by Matt Martin.
4:56 of 1st period - Shot Misses the Net.
4:58 of 1st period - Shot by Marc-Edouard Vlasic.
4:58 of 1st period - Stopped by Darcy Kuemper without a rebound.
4:59 of 1st period - Boone Jenner wins face-off versus Nolan Patrick in LONG BEACH BARACUDAS zone.
5:02 of 1st period - Shot by David Pastrnak.
5:02 of 1st period - Stopped by Darcy Kuemper without a rebound.
5:03 of 1st period - Boone Jenner wins face-off versus Nolan Patrick in LONG BEACH BARACUDAS zone.
5:04 of 1st period - Shot by David Pastrnak.
5:04 of 1st period - Stopped by Darcy Kuemper without a rebound.
5:05 of 1st period - Boone Jenner wins face-off versus Nolan Patrick in LONG BEACH BARACUDAS zone.
5:08 of 1st period - Shot by David Pastrnak.
5:08 of 1st period - Goal by David Pastrnak - LONG BEACH BARACUDAS : 0 - REGINA FALCONS : 1.
5:09 of 1st period - Brian Gibbons wins face-off versus Nolan Patrick in neutral zone.
5:17 of 1st period - Shot by Blake Comeau.
5:17 of 1st period - Shot Blocked by Zachary Werenski.
5:21 of 1st period - Shot by Blake Comeau.
5:21 of 1st period - Shot Misses the Net.
5:29 of 1st period - Shot by Blake Comeau.
5:29 of 1st period - Stopped by Darcy Kuemper without a rebound.
5:30 of 1st period - Max Pacioretty wins face-off versus Sidney Crosby in LONG BEACH BARACUDAS zone.
5:58 of 1st period - Shot by Elias Lindholm.
5:58 of 1st period - Shot Misses the Net.
6:40 of 1st period - Shot by Blake Comeau.
6:40 of 1st period - Shot Misses the Net.
7:10 of 1st period - Shot by Brad Richardson.
7:10 of 1st period - Stopped by Frederik Andersen without a rebound.
7:11 of 1st period - Nazem Kadri wins face-off versus Steven Stamkos in REGINA FALCONS zone.
7:22 of 1st period - Shot by Jonathan Miller.
7:22 of 1st period - Shot Misses the Net.
7:24 of 1st period - Shot by Ryan Murray.
7:24 of 1st period - Stopped by Darcy Kuemper without a rebound.
7:25 of 1st period - Derick Brassard wins face-off versus Boone Jenner in LONG BEACH BARACUDAS zone.
8:45 of 1st period - Shot by Brady Tkachuk.
8:45 of 1st period - Shot Blocked by Zachary Werenski.
8:49 of 1st period - Shot by Ryan Murray.
8:49 of 1st period - Shot Blocked by Alex Pietrangelo.
9:04 of 1st period - Shot by Brady Tkachuk.
9:04 of 1st period - Shot Misses the Net.
9:43 of 1st period - Shot by Taylor Hall.
9:43 of 1st period - Stopped by Frederik Andersen without a rebound.
9:44 of 1st period - Nolan Patrick wins face-off versus Brian Gibbons in REGINA FALCONS zone.
10:01 of 1st period - Shot by Nolan Patrick.
10:01 of 1st period - Shot Misses the Net.
10:33 of 1st period - Shot by Max Pacioretty.
10:33 of 1st period - Shot Misses the Net.
10:35 of 1st period - Shot by Ryan Murray.
10:35 of 1st period - Stopped by Darcy Kuemper without a rebound.
10:36 of 1st period - Nazem Kadri wins face-off versus Sidney Crosby in LONG BEACH BARACUDAS zone.
10:37 of 1st period - Shot by Jonathan Miller.
10:37 of 1st period - Stopped by Darcy Kuemper without a rebound.
10:38 of 1st period - Nazem Kadri wins face-off versus Sidney Crosby in LONG BEACH BARACUDAS zone.
10:39 of 1st period - Shot by Brady Tkachuk.
10:39 of 1st period - Shot Misses the Net.
11:03 of 1st period - Shot by Marc-Edouard Vlasic.
11:03 of 1st period - Shot Misses the Net.
11:48 of 1st period - Shot by Sam Reinhart.
11:48 of 1st period - Shot Blocked by Marc-Edouard Vlasic.
11:50 of 1st period - Shot by Sam Reinhart.
11:50 of 1st period - Stopped by Frederik Andersen without a rebound.
11:51 of 1st period - Boone Jenner wins face-off versus Nolan Patrick in REGINA FALCONS zone.
12:34 of 1st period - Shot by David Pastrnak.
12:34 of 1st period - Shot Blocked by Ben Hutton.
12:36 of 1st period - Shot by David Pastrnak.
12:36 of 1st period - Stopped by Darcy Kuemper without a rebound.
12:37 of 1st period - Sidney Crosby wins face-off versus Frederick Gaudreau in LONG BEACH BARACUDAS zone.
12:37 of 1st period - Sidney Crosby is hit by Brandon Saad.
12:52 of 1st period - Minor Penalty to Sami Vatanen for Roughing.
12:53 of 1st period - Steven Stamkos wins face-off versus Frederick Gaudreau in REGINA FALCONS zone.
13:20 of 1st period - Shot by Sam Reinhart.
13:20 of 1st period - Deflect By Elias Lindholm.
13:20 of 1st period - Stopped by Frederik Andersen without a rebound.
13:21 of 1st period - Kyle Palmieri wins face-off versus Brian Gibbons in REGINA FALCONS zone.
15:59 of 1st period - Ben Hutton is hit by Boone Jenner and loses puck.
16:27 of 1st period - Shot by David Pastrnak.
16:27 of 1st period - Shot Misses the Net.
16:29 of 1st period - Shot by David Pastrnak.
16:29 of 1st period - Goal by David Pastrnak - LONG BEACH BARACUDAS : 0 - REGINA FALCONS : 2.
16:30 of 1st period - Frederick Gaudreau wins face-off versus Sidney Crosby in neutral zone.
16:53 of 1st period - Shot by Taylor Hall.
16:53 of 1st period - Deflect By Sidney Crosby.
16:53 of 1st period - Shot Misses the Net.
17:05 of 1st period - Shot by Taylor Hall.
17:05 of 1st period - Shot Misses the Net.
17:07 of 1st period - Shot by Taylor Hall.
17:07 of 1st period - Stopped by Frederik Andersen without a rebound.
17:08 of 1st period - Steven Stamkos wins face-off versus Boone Jenner in REGINA FALCONS zone.
17:33 of 1st period - Shot by Boone Jenner.
17:33 of 1st period - Shot Misses the Net.
18:08 of 1st period - Icing by Brandon Montour.
18:09 of 1st period - Steven Stamkos wins face-off versus Nazem Kadri in LONG BEACH BARACUDAS zone.
18:09 of 1st period - Steven Stamkos is hit by Brady Tkachuk.
18:28 of 1st period - Off-side.
18:29 of 1st period - Frederick Gaudreau wins face-off versus Sidney Crosby in neutral zone.
18:33 of 1st period - Icing by Zachary Werenski.
18:34 of 1st period - Sidney Crosby wins face-off versus Frederick Gaudreau in LONG BEACH BARACUDAS zone.
18:52 of 1st period - Elias Lindholm is hit by Brandon Saad and loses puck.
19:01 of 1st period - Marc-Edouard Vlasic is hit by Sidney Crosby and loses puck.
19:50 of 1st period - Shot by Kyle Palmieri.
19:50 of 1st period - Shot Misses the Net.
19:58 of 1st period - Shot by Kyle Palmieri.
19:58 of 1st period - Stopped by Frederik Andersen with a rebound.
Goals for this period are 0 for LONG BEACH BARACUDAS vs 2 for REGINA FALCONS.
Shots for this period are 14 for LONG BEACH BARACUDAS vs 10 for REGINA FALCONS.

2nd period


0:01 of 2nd period - Max Pacioretty wins face-off versus Sidney Crosby in neutral zone.
0:11 of 2nd period - Boone Jenner is hit by Brandon Montour and loses puck.
0:37 of 2nd period - Boone Jenner is hit by Ben Hutton and loses puck.
0:56 of 2nd period - David Pastrnak is hit by Elias Lindholm.
1:02 of 2nd period - Elias Lindholm is hit by Max Pacioretty and loses puck.
1:06 of 2nd period - Icing by Sidney Crosby.
1:07 of 2nd period - Nazem Kadri wins face-off versus Sidney Crosby in LONG BEACH BARACUDAS zone.
1:07 of 2nd period - Jonathan Miller is hit by Ben Hutton and loses puck.
1:34 of 2nd period - Shot by Kyle Connor.
1:34 of 2nd period - Stopped by Frederik Andersen without a rebound.
1:35 of 2nd period - Steven Stamkos wins face-off versus Brian Gibbons in REGINA FALCONS zone.
1:35 of 2nd period - Sam Reinhart is hit by Joel Edmundson and loses puck.
2:00 of 2nd period - Shot by Matt Martin.
2:00 of 2nd period - Stopped by Darcy Kuemper without a rebound.
2:01 of 2nd period - Nazem Kadri wins face-off versus Nolan Patrick in LONG BEACH BARACUDAS zone.
3:07 of 2nd period - Boone Jenner is hit by Zachary Werenski and loses puck.
3:10 of 2nd period - Shot by Boone Jenner.
3:10 of 2nd period - Stopped by Darcy Kuemper without a rebound.
3:11 of 2nd period - Steven Stamkos wins face-off versus Brian Gibbons in LONG BEACH BARACUDAS zone.
3:11 of 2nd period - Steven Stamkos is hit by Blake Comeau.
3:23 of 2nd period - Shot by Kyle Connor.
3:23 of 2nd period - Stopped by Frederik Andersen without a rebound.
3:24 of 2nd period - Sidney Crosby wins face-off versus Boone Jenner in REGINA FALCONS zone.
3:52 of 2nd period - Shot by Boone Jenner.
3:52 of 2nd period - Stopped by Darcy Kuemper without a rebound.
3:53 of 2nd period - Nazem Kadri wins face-off versus Steven Stamkos in LONG BEACH BARACUDAS zone.
4:02 of 2nd period - Shot by Jonathan Miller.
4:02 of 2nd period - Stopped by Darcy Kuemper without a rebound.
4:03 of 2nd period - Steven Stamkos wins face-off versus Frederick Gaudreau in LONG BEACH BARACUDAS zone.
4:03 of 2nd period - Steven Stamkos is hit by Valeri Nichushkin.
4:11 of 2nd period - Brandon Saad is hit by Kyle Connor and loses puck.
4:25 of 2nd period - Steven Stamkos is hit by Joel Edmundson and loses puck.
4:34 of 2nd period - Shot by Kyle Connor.
4:34 of 2nd period - Stopped by Frederik Andersen with a rebound.
4:36 of 2nd period - Shot by Ben Hutton.
4:36 of 2nd period - Goal by Ben Hutton - LONG BEACH BARACUDAS : 1 - REGINA FALCONS : 2.
4:37 of 2nd period - Boone Jenner wins face-off versus Elias Lindholm in neutral zone.
5:57 of 2nd period - Shot by Jonathan Miller.
5:57 of 2nd period - Shot Misses the Net.
6:37 of 2nd period - Icing by Jordan Oesterle.
6:38 of 2nd period - Steven Stamkos wins face-off versus Frederick Gaudreau in LONG BEACH BARACUDAS zone.
6:38 of 2nd period - Steven Stamkos is hit by Valeri Nichushkin.
7:12 of 2nd period - Shot by Valeri Nichushkin.
7:12 of 2nd period - Shot Blocked by Ben Hutton.
7:14 of 2nd period - Shot by Brandon Saad.
7:14 of 2nd period - Stopped by Darcy Kuemper without a rebound.
7:15 of 2nd period - Nolan Patrick wins face-off versus Boone Jenner in LONG BEACH BARACUDAS zone.
7:57 of 2nd period - Shot by David Pastrnak.
7:57 of 2nd period - Shot Blocked by Nolan Patrick.
7:59 of 2nd period - Shot by Boone Jenner.
7:59 of 2nd period - Stopped by Darcy Kuemper without a rebound.
8:00 of 2nd period - Derick Brassard wins face-off versus Nazem Kadri in LONG BEACH BARACUDAS zone.
8:28 of 2nd period - Shot by Nazem Kadri.
8:28 of 2nd period - Stopped by Darcy Kuemper without a rebound.
8:29 of 2nd period - Sidney Crosby wins face-off versus Brian Gibbons in LONG BEACH BARACUDAS zone.
8:43 of 2nd period - Shot by Sidney Crosby.
8:43 of 2nd period - Deflect By Elias Lindholm.
8:43 of 2nd period - Stopped by Frederik Andersen with a rebound.
8:45 of 2nd period - Shot by Jordan Oesterle.
8:45 of 2nd period - Shot Blocked by Ryan Murray.
9:05 of 2nd period - Shot by Sidney Crosby.
9:05 of 2nd period - Shot Blocked by Filip Hronek.
9:47 of 2nd period - Shot by Kyle Connor.
9:47 of 2nd period - Stopped by Frederik Andersen with a rebound.
9:49 of 2nd period - Shot by Sam Reinhart.
9:49 of 2nd period - Shot Misses the Net.
9:51 of 2nd period - Shot by Sam Reinhart.
9:51 of 2nd period - Stopped by Frederik Andersen without a rebound.
9:52 of 2nd period - Nazem Kadri wins face-off versus Nolan Patrick in REGINA FALCONS zone.
10:20 of 2nd period - Shot by Jonathan Miller.
10:20 of 2nd period - Shot Misses the Net.
10:26 of 2nd period - Shot by Nazem Kadri.
10:26 of 2nd period - Stopped by Darcy Kuemper without a rebound.
10:27 of 2nd period - Max Pacioretty wins face-off versus Steven Stamkos in LONG BEACH BARACUDAS zone.
10:33 of 2nd period - Boone Jenner is hit by Brandon Montour and loses puck.
10:56 of 2nd period - Shot by Steven Stamkos.
10:56 of 2nd period - Shot Misses the Net.
11:29 of 2nd period - Ron Hainsey is hit by Kyle Connor and loses puck.
11:46 of 2nd period - Shot by Brandon Saad.
11:46 of 2nd period - Stopped by Darcy Kuemper without a rebound.
11:47 of 2nd period - Nazem Kadri wins face-off versus Sidney Crosby in LONG BEACH BARACUDAS zone.
12:12 of 2nd period - Shot by Jonathan Miller.
12:12 of 2nd period - Shot Misses the Net.
12:16 of 2nd period - Shot by Nazem Kadri.
12:16 of 2nd period - Stopped by Darcy Kuemper without a rebound.
12:17 of 2nd period - Nolan Patrick wins face-off versus Brian Gibbons in LONG BEACH BARACUDAS zone.
12:26 of 2nd period - Shot by Brad Richardson.
12:26 of 2nd period - Stopped by Frederik Andersen without a rebound.
12:27 of 2nd period - Boone Jenner wins face-off versus Derick Brassard in REGINA FALCONS zone.
12:46 of 2nd period - Icing by Marc-Edouard Vlasic.
12:47 of 2nd period - Sidney Crosby wins face-off versus Boone Jenner in REGINA FALCONS zone.
12:57 of 2nd period - Shot by Elias Lindholm.
12:57 of 2nd period - Shot Blocked by Marc-Edouard Vlasic.
13:23 of 2nd period - Shot by Sidney Crosby.
13:23 of 2nd period - Shot Misses the Net.
13:25 of 2nd period - Shot by Elias Lindholm.
13:25 of 2nd period - Stopped by Frederik Andersen without a rebound.
13:26 of 2nd period - Nazem Kadri wins face-off versus Nolan Patrick in REGINA FALCONS zone.
13:43 of 2nd period - Shot by Jonathan Miller.
13:43 of 2nd period - Shot Blocked by Alex Pietrangelo.
13:51 of 2nd period - Nazem Kadri is hit by Brad Richardson and loses puck.
14:53 of 2nd period - Shot by Sam Reinhart.
14:53 of 2nd period - Shot Misses the Net.
15:39 of 2nd period - Shot by Taylor Hall.
15:39 of 2nd period - Shot Misses the Net.
15:41 of 2nd period - Shot by Elias Lindholm.
15:41 of 2nd period - Shot Misses the Net.
17:12 of 2nd period - Minor Penalty to Brady Tkachuk for Boarding.
17:13 of 2nd period - Steven Stamkos wins face-off versus Brian Gibbons in REGINA FALCONS zone.
17:32 of 2nd period - Shot by Kyle Connor.
17:32 of 2nd period - Shot Misses the Net.
17:34 of 2nd period - Shot by Elias Lindholm.
17:34 of 2nd period - Stopped by Frederik Andersen without a rebound.
17:35 of 2nd period - Jonathan Miller wins face-off versus Sidney Crosby in REGINA FALCONS zone.
17:35 of 2nd period - Jonathan Miller is hit by Sidney Crosby.
17:49 of 2nd period - Brian Gibbons is hit by Taylor Hall and loses puck.
18:16 of 2nd period - Shot by Taylor Hall.
18:16 of 2nd period - Shot Misses the Net.
18:34 of 2nd period - Icing by Steven Stamkos.
18:35 of 2nd period - Steven Stamkos wins face-off versus Frederick Gaudreau in LONG BEACH BARACUDAS zone.
18:53 of 2nd period - Shot by Kyle Connor.
18:53 of 2nd period - Goal by Kyle Connor - LONG BEACH BARACUDAS : 2 - REGINA FALCONS : 2.
18:54 of 2nd period - Derick Brassard wins face-off versus Nazem Kadri in neutral zone.
19:27 of 2nd period - Shot by Luke Kunin.
19:27 of 2nd period - Stopped by Frederik Andersen without a rebound.
19:28 of 2nd period - Boone Jenner wins face-off versus Sidney Crosby in REGINA FALCONS zone.
Goals for this period are 2 for LONG BEACH BARACUDAS vs 0 for REGINA FALCONS.
Shots for this period are 12 for LONG BEACH BARACUDAS vs 10 for REGINA FALCONS.

3rd period


0:01 of 3rd period - Elias Lindholm wins face-off versus Nazem Kadri in neutral zone.
0:12 of 3rd period - Shot by Taylor Hall.
0:12 of 3rd period - Stopped by Frederik Andersen without a rebound.
0:13 of 3rd period - Steven Stamkos wins face-off versus Boone Jenner in REGINA FALCONS zone.
1:32 of 3rd period - Shot by Sidney Crosby.
1:32 of 3rd period - Shot Misses the Net.
1:42 of 3rd period - Minor Penalty to Filip Hronek for Roughing.
1:43 of 3rd period - Sidney Crosby wins face-off versus Frederick Gaudreau in REGINA FALCONS zone.
2:02 of 3rd period - Shot by Taylor Hall.
2:02 of 3rd period - Stopped by Frederik Andersen without a rebound.
2:03 of 3rd period - Steven Stamkos wins face-off versus Frederick Gaudreau in REGINA FALCONS zone.
3:00 of 3rd period - Ron Hainsey is hit by Kyle Palmieri and loses puck.
3:15 of 3rd period - Shot by Kyle Palmieri.
3:15 of 3rd period - Goal by Kyle Palmieri - LONG BEACH BARACUDAS : 3 - REGINA FALCONS : 2.
3:16 of 3rd period - Derick Brassard wins face-off versus Nazem Kadri in neutral zone.
3:52 of 3rd period - Shot by Derick Brassard.
3:52 of 3rd period - Shot Blocked by Ron Hainsey.
3:54 of 3rd period - Shot by Daniel Carr.
3:54 of 3rd period - Stopped by Frederik Andersen without a rebound.
3:55 of 3rd period - Sidney Crosby wins face-off versus Brian Gibbons in REGINA FALCONS zone.
4:32 of 3rd period - Shot by Elias Lindholm.
4:32 of 3rd period - Shot Misses the Net.
4:34 of 3rd period - Shot by Ben Hutton.
4:34 of 3rd period - Shot Misses the Net.
4:36 of 3rd period - Shot by Sidney Crosby.
4:36 of 3rd period - Shot Blocked by Sami Vatanen.
5:34 of 3rd period - Shot by Jonathan Miller.
5:34 of 3rd period - Stopped by Darcy Kuemper with a rebound.
5:48 of 3rd period - Shot by Jonathan Miller.
5:48 of 3rd period - Shot Misses the Net.
6:10 of 3rd period - Shot by David Pastrnak.
6:10 of 3rd period - Shot Blocked by Brandon Montour.
6:20 of 3rd period - Shot by David Pastrnak.
6:20 of 3rd period - Shot Misses the Net.
6:45 of 3rd period - Icing by Ron Hainsey.
6:46 of 3rd period - Sidney Crosby wins face-off versus Boone Jenner in REGINA FALCONS zone.
6:53 of 3rd period - Shot by Sidney Crosby.
6:53 of 3rd period - Stopped by Frederik Andersen with a rebound.
8:33 of 3rd period - Shot by Jonathan Miller.
8:33 of 3rd period - Stopped by Darcy Kuemper without a rebound.
8:34 of 3rd period - Brian Gibbons wins face-off versus Nolan Patrick in LONG BEACH BARACUDAS zone.
8:41 of 3rd period - Shot by Blake Comeau.
8:41 of 3rd period - Shot Misses the Net.
8:50 of 3rd period - Icing by Justin Schultz.
8:51 of 3rd period - Nolan Patrick wins face-off versus Jonathan Miller in LONG BEACH BARACUDAS zone.
9:01 of 3rd period - Icing by Marc-Edouard Vlasic.
9:02 of 3rd period - Nazem Kadri wins face-off versus Taylor Hall in REGINA FALCONS zone.
9:15 of 3rd period - Shot by Nazem Kadri.
9:15 of 3rd period - Shot Misses the Net.
9:22 of 3rd period - Icing by Alex Pietrangelo.
9:23 of 3rd period - Sidney Crosby wins face-off versus David Pastrnak in LONG BEACH BARACUDAS zone.
9:38 of 3rd period - Shot by Max Pacioretty.
9:38 of 3rd period - Stopped by Darcy Kuemper with a rebound.
9:40 of 3rd period - Shot by Joel Edmundson.
9:40 of 3rd period - Stopped by Darcy Kuemper without a rebound.
9:41 of 3rd period - Nazem Kadri wins face-off versus Nolan Patrick in LONG BEACH BARACUDAS zone.
9:52 of 3rd period - Marc-Edouard Vlasic is hit by Kyle Palmieri and loses puck.
10:07 of 3rd period - Shot by Kyle Palmieri.
10:07 of 3rd period - Shot Misses the Net.
10:23 of 3rd period - Shot by Kyle Palmieri.
10:23 of 3rd period - Stopped by Frederik Andersen without a rebound.
10:24 of 3rd period - Steven Stamkos wins face-off versus Max Pacioretty in REGINA FALCONS zone.
10:25 of 3rd period - Shot by Sam Reinhart.
10:25 of 3rd period - Deflect By Kyle Connor.
10:25 of 3rd period - Stopped by Frederik Andersen without a rebound.
10:26 of 3rd period - Boone Jenner wins face-off versus Steven Stamkos in REGINA FALCONS zone.
10:49 of 3rd period - Shot by David Pastrnak.
10:49 of 3rd period - Stopped by Darcy Kuemper without a rebound.
10:50 of 3rd period - Sidney Crosby wins face-off versus Frederick Gaudreau in LONG BEACH BARACUDAS zone.
11:01 of 3rd period - Shot by Taylor Hall.
11:01 of 3rd period - Stopped by Frederik Andersen without a rebound.
11:02 of 3rd period - Nazem Kadri wins face-off versus Steven Stamkos in REGINA FALCONS zone.
11:15 of 3rd period - Minor Penalty to Ron Hainsey for Cross-checking.
11:16 of 3rd period - Frederick Gaudreau wins face-off versus Sidney Crosby in REGINA FALCONS zone.
11:24 of 3rd period - Icing by Sam Reinhart.
11:25 of 3rd period - Sidney Crosby wins face-off versus Frederick Gaudreau in LONG BEACH BARACUDAS zone.
12:12 of 3rd period - Shot by Sam Reinhart.
12:12 of 3rd period - Shot Misses the Net.
12:14 of 3rd period - Shot by Sidney Crosby.
12:14 of 3rd period - Stopped by Frederik Andersen with a rebound.
12:43 of 3rd period - Off-side.
12:44 of 3rd period - Steven Stamkos wins face-off versus Brian Gibbons in neutral zone.
13:09 of 3rd period - Shot by Kyle Connor.
13:09 of 3rd period - Shot Misses the Net.
13:11 of 3rd period - Shot by Elias Lindholm.
13:11 of 3rd period - Stopped by Frederik Andersen without a rebound.
13:12 of 3rd period - Sidney Crosby wins face-off versus Frederick Gaudreau in REGINA FALCONS zone.
15:29 of 3rd period - Shot by Brandon Saad.
15:29 of 3rd period - Stopped by Darcy Kuemper without a rebound.
15:30 of 3rd period - Taylor Hall wins face-off versus Brian Gibbons in LONG BEACH BARACUDAS zone.
15:30 of 3rd period - Taylor Hall is hit by Matt Martin.
15:31 of 3rd period - Taylor Hall from LONG BEACH BARACUDAS is injured at 15:31 of 3rd period (Sprained Left Knee).
15:32 of 3rd period - Sidney Crosby wins face-off versus Brian Gibbons in LONG BEACH BARACUDAS zone.
15:34 of 3rd period - Icing by Elias Lindholm.
15:35 of 3rd period - Frederick Gaudreau wins face-off versus Elias Lindholm in LONG BEACH BARACUDAS zone.
15:53 of 3rd period - Shot by Brandon Saad.
15:53 of 3rd period - Shot Misses the Net.
16:11 of 3rd period - Shot by Frederick Gaudreau.
16:11 of 3rd period - Stopped by Darcy Kuemper with a rebound.
16:48 of 3rd period - Icing by Brandon Montour.
16:49 of 3rd period - Boone Jenner wins face-off versus Sam Reinhart in LONG BEACH BARACUDAS zone.
17:02 of 3rd period - Shot by David Pastrnak.
17:02 of 3rd period - Deflect By Boone Jenner.
17:02 of 3rd period - Stopped by Darcy Kuemper with a rebound.
18:04 of 3rd period - Kyle Palmieri is hit by Filip Hronek and loses puck.
18:24 of 3rd period - Minor Penalty to Filip Hronek for Hooking.
18:25 of 3rd period - Frederick Gaudreau wins face-off versus Sidney Crosby in REGINA FALCONS zone.
18:31 of 3rd period - Icing by Ben Hutton.
18:32 of 3rd period - Sidney Crosby wins face-off versus Frederick Gaudreau in LONG BEACH BARACUDAS zone.
18:55 of 3rd period - Off-side.
18:56 of 3rd period - Steven Stamkos wins face-off versus Frederick Gaudreau in neutral zone.
19:15 of 3rd period - Shot by Steven Stamkos.
19:15 of 3rd period - Shot Misses the Net.
19:17 of 3rd period - Shot by Elias Lindholm.
19:17 of 3rd period - Shot Misses the Net.
19:19 of 3rd period - Shot by Alex Pietrangelo.
19:19 of 3rd period - Shot Misses the Net.
19:21 of 3rd period - Shot by Sam Reinhart.
19:21 of 3rd period - Stopped by Frederik Andersen with a rebound.
19:23 of 3rd period - Shot by Elias Lindholm.
19:23 of 3rd period - Shot Misses the Net.
19:37 of 3rd period - Shot by Elias Lindholm.
19:37 of 3rd period - Shot Misses the Net.
19:39 of 3rd period - Shot by Sam Reinhart.
19:39 of 3rd period - Stopped by Frederik Andersen with a rebound.
19:41 of 3rd period - Shot by Sam Reinhart.
19:41 of 3rd period - Shot Blocked by Brandon Saad.
19:43 of 3rd period - Shot by Steven Stamkos.
19:43 of 3rd period - Shot Misses the Net.
Goals for this period are 1 for LONG BEACH BARACUDAS vs 0 for REGINA FALCONS.
Shots for this period are 12 for LONG BEACH BARACUDAS vs 8 for REGINA FALCONS.


NATHAN
MACKINNON
PHILLIP
DANAULT
CONNOR
MCDAVID

EAST COAST

HOCKEY LEAGUE

  • 25.QUE4CHI5
  • 26.CHA2LIM3
  • 27.TRV2LON3
  • 28.CHW4BAL2
  • 29.PITMAN
  • 30.ATLNHW
  • 31.WORPET
  • 32.RHI